 Dungeon Crawl Stone Soup version 0.18-a0-1308-g45b86c9 (webtiles) character file.

86 KarvaRausku the Poker (level 4, -3/34 HPs)
             Began as a Merfolk Skald on Feb 13, 2016.
             Slain by an adder (4 damage)
             ... on level 2 of the Dungeon.
             The game lasted 00:08:27 (1548 turns).

KarvaRausku the Poker (Merfolk Skald)               Turns: 1548, Time: 00:08:27

Health: -3/34      AC:  3    Str: 12    XL:     4   Next: 49%
Magic:  6/7        EV:  6    Int: 12    God:
Gold:   49         SH:  0    Dex: 13    Spells: 3 memorised, 2 levels left

rFire  . . .     SeeInvis .     a - +0 spear
rCold  . . .     Gourm    .     b - +0 leather armour
rNeg   . . .     Faith    .     (no shield)
rPois  .         Spirit   .     (no helmet)
rElec  .         Dismiss  .     (no cloak)
rCorr  .         Reflect  .     (no gloves)
SustAt .         Harm     .     (no boots)
MR     .....                    (no amulet)
Stlth  +.........               (no ring)
                                (no ring)

@: lethally poisoned (-3 -> -7), held, not resistant to hostile enchantments,
very unstealthy
A: change form in water, swift swim
a: no special abilities


You were on level 2 of the Dungeon.
You were not hungry.

You visited 1 branch of the dungeon, and saw 2 of its levels.

You collected 49 gold pieces.

Inventory:

Hand Weapons
 a - a +0 spear (weapon)
 k - a cursed -1 spear
Armour
 b - a +0 leather armour (worn)
Scrolls
 e - a scroll of blinking {unknown}
 g - 2 scrolls of recharging {unknown}
 h - a scroll of remove curse {unknown}
 i - a scroll of fear {unknown}
 j - a scroll of identify {unknown}
Potions
 n - a potion of agility {unknown}
Books
 c - a book of Battle

   Spells                             Type                      Level
   a - Infusion                       Charms                       1
   b - Shroud of Golubria             Charms/Translocation         2
   c - Song of Slaying                Charms                       2
   d - Spectral Weapon                Hexes/Charms                 3
   e - Regeneration                   Charms/Necromancy            3
Comestibles
 d - 2 bread rations
 f - a slice of pizza
 l - 2 meat rations
 o - a chunk of flesh


   Skills:
 + Level 2.8 Fighting
 + Level 4.4 Polearms
 - Level 0.6 Armour
 + Level 2.0 Dodging
 - Level 2.2 Spellcasting
 - Level 4.2 Charms


You had 2 spell levels left.
You knew the following spells:

 Your Spells              Type           Power        Failure   Level  Hunger
a - Infusion              Chrm           ##..         8%          1    ##.....
b - Song of Slaying       Chrm           ##......     12%         2    ###....
c - Shroud of Golubria    Chrm/Tloc      #.........   24%         2    ###....


Dungeon Overview and Level Annotations

Branches:
Dungeon (2/15)

Altars:


Message History

* * * LOW HITPOINT WARNING * * *
You are more poisoned.
The adder poisons you!
* * * LOW HITPOINT WARNING * * *
You feel sick.
The gnoll shouts!
The gnoll throws a throwing net.
The throwing net hits you.
You become entangled in the net!
You see here a throwing net.
You struggle to escape the net.
The adder bites you but does no damage.
You try to slip out of the net.
* * * LOW HITPOINT WARNING * * *
You feel sick. The adder bites you but does no damage.
You try to slip out of the net.
The adder barely misses you. The adder bites you.
* * * LOW HITPOINT WARNING * * *
You struggle against the net.
* * * LOW HITPOINT WARNING * * *
You feel sick. The adder bites you.
You die...

# #..
#.............# #..
#.........#..# ..
#............# .#
##.....†..##.#
##..g..)((...#
#...g.#.###..###
#..............#
#....#.####....#
##@###..##...##....
. #.S# #.##..###
#... ... #.##
#.##.## #..
.....#.####.#..# ..
#.)..##.#.## .
#../.....##...#
#####....#...##
######.###
########..##


You could see 2 gnolls and an adder.

Vanquished Creatures
  A gnoll (D:1)
  3 adders (D:2)
  2 oozes (D:1)
  A worm (D:2)
  2 giant cockroaches
  5 goblins
  6 hobgoblins
  3 jackals (D:1)
  6 bats
  4 kobolds
  4 rats (D:1)
37 creatures vanquished.

Notes
Turn   | Place    | Note
--------------------------------------------------------------
     0 | D:1      | KarvaRausku the Merfolk Skald began the quest for the Orb.
     0 | D:1      | Reached XP level 1. HP: 16/16 MP: 3/3
   133 | D:1      | Reached XP level 2. HP: 12/23 MP: 5/5
   371 | D:1      | Reached skill level 4 in Polearms
   424 | D:1      | Reached XP level 3. HP: 23/28 MP: 6/6
   531 | D:1      | Learned a level 2 spell: Song of Slaying
   534 | D:1      | Learned a level 2 spell: Shroud of Golubria
  1427 | D:2      | Reached XP level 4. HP: 25/34 MP: 1/7
  1548 | D:2      | HP: 1/34 [poisoned by an adder]
  1548 | D:2      | Slain by an adder

Vault maps used:
D:1:      dpeg_arrival_water_fire, hangedman_glass_garden
D:2:      nicolae_overflow_crystal_walls, lemuel_coloured_pillars_altar

Action                   |  1- 3 |  4- 6 || total
-------------------------+-------+-------++-------
Melee: Spear             |   121 |    25 ||   146
 Cast: Infusion          |     6 |     2 ||     8
       Song of Slaying   |     1 |       ||     1
  Use: Potion            |       |     1 ||     1
 Stab: Sleeping          |     4 |       ||     4
  Eat: Chunk             |     2 |       ||     2
